 Dungeon Crawl Stone Soup version 0.20.0-7-g3b7b877 (webtiles) character file.

41 Manul the Insei (level 3, -4/23 HPs)
             Began as an Octopode Transmuter on May 29, 2017.
             Slain by a gnoll
             ... wielding a +0 halberd
              (12 damage)
             ... on level 2 of the Dungeon.
             The game lasted 00:01:24 (1717 turns).

Manul the Insei (Octopode Transmuter)               Turns: 1717, Time: 00:01:25

Health: -4/23      AC:  1    Str:  9    XL:     3   Next: 52%
Magic:  13/15      EV: 13    Int: 15    God:
Gold:   0          SH:  0    Dex: 13    Spells: 1/7 levels left

rFire    . . .     SeeInvis .   h - +0 dagger
rCold    . . .     Gourm    .   (no shield)
rNeg     . . .     Faith    +   (helmet restricted)
rPois    .         Spirit   .   k - amulet of faith
rElec    .         Reflect  .   m - ring of flight
rCorr    .         Harm     .   i - ring of magical power
MR       .....                  (no ring)
Stlth    ++........             (no ring)
Regen    0.1/turn               (no ring)
MPRegen  0.2/turn               (no ring)
                                (no ring)
                                (no ring)

@: appendage (expiring)
A: almost no armour, stealthy swim, amphibious, 8 rings, constrict 8, tentacle
spike 3, camouflage 1, gelatinous body 1
a: End Transformation, Evoke Flight


You were on level 2 of the Dungeon.
You were not hungry.
One of your tentacles had a temporary spike.
You visited 1 branch of the dungeon, and saw 2 of its levels.

Inventory:

Hand Weapons
 h - a +0 dagger (weapon)
Missiles
 a - 55 arrows
 n - 7 curare-tipped needles
Jewellery
 i - a ring of magical power (right tentacle)
 k - an amulet of faith (around mantle)
 m - a ring of flight (left tentacle)
Scrolls
 e - 2 scrolls of amnesia {unknown}
Potions
 f - a potion of curing {unknown}
 g - a potion of magic {unknown}
Books
 b - a book of Changes

   Spells                             Type                      Level
   a - Beastly Appendage              Transmutation                1
   b - Sticks to Snakes               Transmutation                2
   c - Spider Form                    Transmutation/Poison         3
   d - Ice Form                       Ice/Transmutation            4
   e - Blade Hands                    Transmutation                5
Comestibles
 c - 4 bread rations
 d - a meat ration
 j - 3 chunks of flesh
 l - a royal jelly


   Skills:
 + Level 1.1 Fighting
 + Level 0.2 Short Blades
 + Level 2.1 Dodging
 + Level 0.4 Stealth
 + Level 3.6 Unarmed Combat
 + Level 2.5 Spellcasting
 + Level 2.3 Transmutations


You had one spell level left.
You knew the following spells:

 Your Spells              Type           Power        Failure   Level  Hunger
a - Beastly Appendage     Tmut           #.....       9%          1    #......
b - Sticks to Snakes      Tmut           #.......     12%         2    ###....
c - Spider Form           Tmut/Pois      #.........   36%         3    ###....


Dungeon Overview and Level Annotations

Branches:
Dungeon (2/15)

Altars:


Innate Abilities, Weirdness & Mutations

You cannot wear most types of armour.
You are very stealthy in the water. (Stealth+)
You are amphibious.
You can wear up to eight rings at the same time.
You can use your tentacles to constrict eight enemies at once.
Your skin changes colour to match your surroundings (Stealth+).
Your rubbery body absorbs attacks. (AC +1, EV +1)
One of your tentacles bears a large vicious spike.


Message History

Your transformation is almost over.
You constrict the worm.
Your magical contamination has completely faded away.
You hit the worm but do no damage.
You pierce the worm, but do no damage.
The worm is moderately wounded.
You constrict the worm. The worm misses you.
You hit the worm but do no damage. You tentacle-slap the worm.
The worm is heavily wounded.
You constrict the worm. You hit the worm. You squeeze the worm.
You kill the worm! 2 gnolls come into view.
The gnoll shouts! x2
A gnoll comes into view. It is wielding a club.
You see here a worm corpse.
The gnoll shouts!
The gnoll hits you from afar with a spear!
The gnoll hits you from afar with a halberd!
Ouch! That really hurt!
You die...

##.# #.##.# ##.# ##.##.#
## ...# #...#.# .. ####
#...#.# .# #######
#...#.##.##.#
......######...#.....>.
.####.##..........># #
.<..............†.## .#
.#.##.##........@..#..###
(#.##.######...#........#
......# #..<#.g.g#...#
...#### #...#...#g#..#
...# #...##.#._.#.# ...#
...###..#.#.. ...# ###
#.. #...# ..## #... ...#
.## .. #


You could see 3 gnolls.

Vanquished Creatures
  A worm (D:2)
  A ball python (D:1)
  6 bats
  2 giant cockroaches (D:1)
  4 goblins
  6 hobgoblins (D:1)
  2 jackals (D:1)
  A quokka (D:2)
  A frilled lizard (D:1)
  4 kobolds (D:1)
  4 rats
32 creatures vanquished.

Notes
Turn   | Place    | Note
-------+----------+-------------------------------------------
     0 | D:1      | Manul the Octopode Transmuter began the quest for the Orb.
     0 | D:1      | Reached XP level 1. HP: 13/13 MP: 3/3
   496 | D:1      | Reached XP level 2. HP: 13/18 MP: 3/5
   990 | D:1      | Learned a level 2 spell: Sticks to Snakes
  1087 | D:1      | Reached XP level 3. HP: 16/23 MP: 4/6
  1096 | D:1      | Learned a level 3 spell: Spider Form
  1707 | D:2      | Found a faded altar of an unknown god.
  1717 | D:2      | Slain by a gnoll

Action                   || total
-------------------------++-------
Melee: Unarmed           ||    15
       Constrict         ||    22
       Kick              ||     8
       Dagger            ||    54
       Tentacles         ||    11
       Punch             ||     4
 Cast: Beastly Appendage ||    11
 Stab: Sleeping          ||     8
  Eat: Chunk             ||     3
Armor: Skin              ||     6
Dodge: Dodged            ||    50
